 Dungeon Crawl Stone Soup version 0.31.0-32-g396128a36d (webtiles) character file.

Game seed: 2114237661590627486

1675 lchwts the Cruncher (level 8, -14/71 HPs)
             Began as a Minotaur Fighter on Mar 16, 2024.
             Was an Initiate of Ashenzari.
             Demolished by a gnoll sergeant
             ... wielding a +1 heavy trident
              (33 damage)
             ... on level 7 of the Dungeon.
             The game lasted 00:42:03 (5909 turns).

lchwts the Cruncher (Minotaur Fighter)              Turns: 5909, Time: 00:42:04

Health: -14/71     AC:  8    Str: 24    XL:     8   Next: 70%
Magic:  0/7        EV: 21    Int:  5    God:    Ashenzari [......]
Gold:   1585       SH:  0    Dex: 13    Spells: 7/7 levels left

rFire   + . .        o - +2 quarterstaff (chaos)
rCold   + . .        (shield currently unavailable)
rNeg    . . .        b - +1 scale mail
rPois   .            (helmet restricted)
rElec   .            q - scarf "Iciadir" {rC+ rF+, Dex+4}
rCorr   .            (no gloves)
SInv    .            (no boots)
Will    .....        z - amulet of guardian spirit Stlth
                     i - +5 ring of evasion
HPRegen 0.31/turn    m - +5 ring of evasion
MPRegen 0.10/turn

%: guardian spirit
@: no status effects
A: horns 2, retaliatory headbutt
a: Renounce Religion, Curse Item


You were on level 7 of the Dungeon.
You worshipped Ashenzari.
Ashenzari was noncommittal.
You visited 1 branch of the dungeon, and saw 7 of its levels.

You collected 1585 gold pieces.

Inventory:

Hand Weapons
 a - a +1 long sword
 o - a +2 quarterstaff of chaos (weapon)
Missiles
 e - 13 javelins (quivered)
 g - 16 poisoned darts
 h - 86 stones
 A - 3 boomerangs
 C - a throwing net
Armour
 b - a +1 scale mail (worn)
 c - a +0 buckler
 q - the scarf "Iciadir" (worn) {rC+ rF+, Dex+4}
   (You found it on level 3 of the Dungeon)

   Dex+4:     It affects your dexterity (+4).
 D - an orb of energy
Jewellery
 i - a +5 ring of evasion (left hand)
 j - a ring of resist corrosion
 m - a +5 ring of evasion (right hand)
 t - a ring of willpower
 w - a ring of protection from fire
 z - an amulet of guardian spirit (around neck)
Talismans
 s - a serpent talisman
 x - a beast talisman
Wands
 r - a wand of flame (16)
 y - a wand of digging (7)
Scrolls
 f - a scroll of revelation
 l - a scroll of teleportation
 p - 4 scrolls of fear
Potions
 d - a potion of might
 k - a potion of brilliance
 n - 2 potions of lignification
 u - a potion of attraction
 E - a potion of haste
 F - a potion of enlightenment {unknown}


   Skills:
 + Level 6.5 Fighting
 + Level 4.8 Long Blades
 + Level 8.2 Staves
 + Level 7.2 Armour
 + Level 2.4 Dodging
 + Level 1.0 Stealth
 + Level 4.4 Shields


You had 7 spell levels left.
You didn't know any spells.
Your spell library contained the following spells:

 Spells                   Type           Power      Damage    Failure   Level
 Volatile Blastmotes      Fire/Tloc      0%         2d10      98%         3
 Fulminant Prism          Conj/Alch      0%         3d5       100%        4
 Iskenderun's Mystic Bla  Conj/Tloc      0%         2d3       100%        4
 Chain Lightning          Conj/Air       0%         N/A       100%        9
 Fire Storm               Conj/Fire      0%         5d1       100%        9
 Shatter                  Erth           0%         3d5*      100%        9


Dungeon Overview and Level Annotations

Branches:
Dungeon (7/15)             Temple (0/1) D:5

Altars:
Ashenzari
Kikubaaqudgha
Trog
Xom
Zin

Annotations:
D:7 1 transporter, jimmypageman's ghost, novice GrFi


Innate Abilities, Weirdness & Mutations

You have a pair of horns on your head.
You reflexively headbutt those who attack you in melee.


Message History

You headbutt the orc warrior!
The moth of wrath goads the orc warrior on!
The orc warrior goes berserk!
You barely miss the orc warrior. Your headbutt misses the orc warrior.
The orc warrior is moderately wounded.
The orc warrior hits you with a +0 mace!
The gnoll sergeant hits you from afar with a +1 heavy trident!
The orc warrior barely misses you.
You closely miss the orc warrior.
The orc warrior is moderately wounded.
The orc warrior misses you.
You barely miss the orc warrior. Your headbutt misses the orc warrior.
The orc warrior is moderately wounded.
The gnoll sergeant hits you but does no damage.
The moth of wrath goads the gnoll sergeant on!
The gnoll sergeant goes berserk!
The orc warrior barely misses you. Jimmypageman's ghost hits you!
You hit the orc warrior.
Lightning courses through the orc warrior!!
Your headbutt misses the orc warrior.
The orc warrior is heavily wounded.
The orc warrior closely misses you.
The gnoll sergeant hits you from afar with a +1 heavy trident!
* * * LOW HITPOINT WARNING * * *
Jimmypageman's ghost screams, "You must not fail where I succeeded!"
Jimmypageman's ghost misses you. You furiously retaliate!
You headbutt jimmypageman's ghost. The orc warrior closely misses you.
The orc warrior misses you.
You feel better. The gnoll sergeant misses you.
The moth of wrath goads the orc warrior on!
The orc warrior goes berserk!
The orc warrior barely misses you.
The orc warrior hits you with a +0 flail.
* * * LOW HITPOINT WARNING * * *
Jimmypageman's ghost hits you!
* * * LOW HITPOINT WARNING * * *
You feel much better.
The orc warrior hits you with a +0 mace!
* * * LOW HITPOINT WARNING * * *
The gnoll sergeant hits you from afar with a +1 heavy trident!!
You die...

## ####.....#....##### ...
#........###...# ..## .
##..#....##...... #..####.
##........##.. #####....#..
#........##.###.#≈#.##....#
#..###....#..#≈..?##..#...##
.## ##..©#©..#._$....#©..#
##...#..y...§#...#..##
#....##@o.(#≈#..##.##
##.....#oWg.###..#..#
#......##...#.####..#
###.......###.©.###..##
............#####....#
...####..............## .##
#.............###
#...................##
#.......................


You could see a moth of wrath, 2 orc warriors, a gnoll sergeant (berserk) and
jimmypageman's ghost.

Vanquished Creatures
  A steam dragon (D:7)
  A water moccasin (D:6)
  An ice beast (D:7)
  2 black bears
  A tengu (D:7)
  2 phantoms
  3 bullfrogs
  A scorpion (D:4)
  A howler monkey (D:5)
  3 hounds
  An orc priest (D:4)
  A bombardier beetle (D:3)
  A jelly (D:7)
  Crazy Yiuf (D:2)
  A sleepcap (D:5)
  Jessica (D:2)
  2 iguanas (D:6)
  Natasha (twice) (D:4)
  2 orc wizards
  7 gnolls (D:5)
  6 adders
  2 ufetubi (D:6)
  A ribbon worm (D:4)
  5 dart slugs
  12 orcs
  13 endoplasms
  4 giant cockroaches
  13 goblins
  8 hobgoblins
  4 jackals (D:2)
  2 quokkas (D:3)
  7 ball pythons
  4 bats
  3 frilled lizards
  5 kobolds
  4 rats
128 creatures vanquished.

Notes
Turn   | Place    | Note
-------+----------+-------------------------------------------
     0 | D:1      | lchwts the Minotaur Fighter began the quest for the Orb.
     0 | D:1      | Reached XP level 1. HP: 19/19 MP: 0/0
   137 | D:1      | Reached XP level 2. HP: 27/27 MP: 1/1
  1044 | D:2      | Found a shimmering altar of Xom.
  1069 | D:2      | Reached XP level 3. HP: 30/33 MP: 2/2
  1261 | D:2      | Found a runed translucent door.
  1262 | D:2      | Noticed Crazy Yiuf
  1305 | D:2      | Killed Crazy Yiuf
  1468 | D:2      | Reached XP level 4. HP: 40/40 MP: 3/3
  1968 | D:2      | Noticed Jessica
  1973 | D:2      | Killed Jessica
  2035 | D:2      | Reached XP level 5. HP: 46/47 MP: 4/4
  2184 | D:3      | Identified the scarf "Iciadir" {rC+ rF+, Dex+4}
  2351 | D:3      | Found an ancient bone altar of Kikubaaqudgha.
  2351 | D:3      | Found a broken altar of Ashenzari.
  2427 | D:3      | Became a worshipper of Ashenzari the Shackled
  2627 | D:3      | Noticed Robin
  2634 | D:3      | Robin changed into Robin the quokka
  2634 | D:3      | Noticed Robin
  2635 | D:3      | Killed Robin the quokka
  2948 | D:4      | Noticed Natasha
  2954 | D:4      | Killed Natasha
  2955 | D:4      | Reached skill level 5 in Armour
  3078 | D:4      | Reached skill level 2 in Staves
  3078 | D:4      | Reached XP level 6. HP: 47/53 MP: 5/5
  3251 | D:4      | Noticed Natasha
  3262 | D:4      | Killed Natasha
  3263 | D:4      | Reached skill level 5 in Fighting
  3809 | D:5      | Entered Level 5 of the Dungeon
  3817 | D:5      | Reached skill level 3 in Staves
  3817 | D:5      | Reached skill level 1 in Dodging
  3825 | D:5      | Reached XP level 7. HP: 42/61 MP: 6/6
  3830 | D:5      | Reached skill level 4 in Staves
  4223 | D:5      | Reached skill level 5 in Staves
  4465 | D:5      | Found a staircase to the Ecumenical Temple.
  4725 | D:6      | Reached skill level 6 in Staves
  5042 | D:6      | Found a glowing silver altar of Zin.
  5085 | D:6      | Reached XP level 8. HP: 66/70 MP: 7/7
  5286 | D:7      | Reached skill level 7 in Staves
  5524 | D:7      | Identified a scroll of acquirement
  5524 | D:7      | Acquired 1307 gold pieces
  5600 | D:7      | Noticed a hornet
  5604 | D:7      | a hornet changed into a tengu
  5606 | D:7      | Reached skill level 8 in Staves
  5732 | D:7      | Reached skill level 1 in Stealth
  5808 | D:7      | Noticed a moth of wrath
  5811 | D:7      | Noticed jimmypageman's ghost (novice GrFi)
  5815 | D:7      | Found a transporter.
  5829 | D:7      | Found a bloodstained altar of Trog.
  5873 | D:7      | Found a transporter.
  5909 | D:7      | Demolished by a gnoll sergeant

Illustrated notes

Levels and vault maps discovered:
D:1:      nicolae_arrival_washed_ashore, layout_basic
D:2:      minmay_recursive_quarters, layout_basic, basic_altar, uniq_jessica,
          uniq_crazy_yiuf_cottage
D:3:      layout_loops_ring, mainiacjoe_overflow_divided_tiny,
          kennysheep_generic_room_9, uniq_robin
D:4:      layout_gridville, uniq_natasha
D:5:      layout_basic, minmay_temple_entry_grid, minivault_4,
          corexii_mini_fake_secret_closet, dreamdust_gnoll_farm
D:6:      nicolae_cairo_tiling, layout_cave_pools, mainiacjoe_overflow_swirl
D:7:      layout_layer_cave, gammafunk_ghost_wrathful_warriors, hex_large

Skill      XL: |  1  2  3  4  5  6  7  8 |
---------------+-------------------------+-----
Armour         | 4 5 6 7 |  7.2
Fighting       | 4 5 6 |  6.5
Shields        | 4 |  4.4
Long Blades    | 3 4 |  4.8
Staves         | 2 3 6 8 |  8.2
Dodging        | 1 2 |  2.4
Stealth        | 1 |  1.0

Action                     |  1- 3 |  4- 6 |  7- 9 || total
---------------------------+-------+-------+-------++-------
  Melee: Long sword        |    51 |    34 |       ||    85
         Headbutt          |     2 |    20 |    19 ||    41
         Quarterstaff      |       |    65 |    90 ||   155
    Use: Scroll            |     5 |     4 |     6 ||    15
         Potion            |     1 |       |     2 ||     3
   Stab: Confused          |       |       |     1 ||     1
 Armour: Scale mail        |    24 |    42 |    37 ||   103
  Dodge: Dodged            |    29 |    87 |    82 ||   198
  Block: Buckler           |     9 |     7 |       ||    16
